 Dungeon Crawl Stone Soup version 0.23.2-40-g277498a001 (webtiles) character file.

Game seed: 5200048841849604730

21246 Destapler the Nimble (level 12, -5/65 HPs)
             Began as a Spriggan Warper on Aug 12, 2019.
             Was a High Priest of Fedhas.
             Slain by a troll (6 damage)
             ... on level 1 of the Orcish Mines on Aug 18, 2019.
             The game lasted 03:55:08 (24505 turns).

Destapler the Nimble (Spriggan Warper)             Turns: 24505, Time: 03:55:10

Health: -5/65      AC: 10    Str:  7    XL:     12   Next: 52%
Magic:  15/20      EV: 28    Int: 22    God:    Fedhas [*****.]
Gold:   1243       SH:  7    Dex: 20    Spells: 5/21 levels left

rFire    . . .     SeeInvis +   q - +1 rapier of the Tundras {drain, Int+7 SInv}
rCold    + . .     Gourm    .   h - +0 buckler
rNeg     . . .     Faith    .   D - +1 robe {rC+}
rPois    .         Spirit   .   (helmet restricted)
rElec    .         Reflect  .   r - +1 cloak
rCorr    .         Harm     .   (gloves unavailable)
MR       ++...                  (boots unavailable)
Stlth    ++++++....             x - amulet of regeneration
HPRegen  0.60/turn              L - ring of stealth
MPRegen  0.17/turn              G - +5 ring of protection

@: about to teleport, very quick
A: very small, unfitting armour, see invisible, herbivore, speed 3, slow
metabolism 2
a: Fungal Bloom, Sunlight, Evolution, Growth, Reproduction, Rain, Renounce
Religion


You were on level 1 of the Orcish Mines.
You worshipped Fedhas.
Fedhas was extremely pleased with you.
You were very hungry.

You visited 3 branches of the dungeon, and saw 17 of its levels.

You collected 1300 gold pieces.
You spent 57 gold pieces at shops.

Inventory:

Hand Weapons
 a - a +2 dagger of piercing
 q - the +1 rapier of the Tundras (weapon) {drain, Int+7 SInv}
   (You acquired it on level 12 of the Dungeon)

   A truly terrible weapon, it drains the life of those it strikes.
   It affects your intelligence (+7).
   It lets you see invisible.
Missiles
 i - 388 stones (quivered)
 I - 3 tomahawks
 M - 7 silver tomahawks
Armour
 h - a +0 buckler (worn)
 r - a +1 cloak (worn)
 A - a scarf of resistance
 D - a +1 robe of cold resistance (worn)
Jewellery
 b - an uncursed ring of protection from cold
 j - an uncursed ring of ice
 n - an uncursed ring of flight
 t - an uncursed ring of protection from fire
 x - an amulet of regeneration (around neck)
 y - an uncursed ring of positive energy
 G - a +5 ring of protection (right hand)
 J - an uncursed amulet of faith
 L - a ring of stealth (left hand)
Wands
 e - a wand of polymorph (2)
 H - a wand of iceblast (22)
 K - a wand of flame (17)
Scrolls
 d - 3 scrolls of blinking
 g - 5 scrolls of identify
 o - 10 scrolls of remove curse
 p - 2 scrolls of enchant weapon
 s - a scroll of magic mapping
 u - 3 scrolls of fog
 v - 6 scrolls of teleportation
 z - a scroll of fear
 E - a scroll of enchant armour
Potions
 c - 2 potions of ambrosia
 k - 4 potions of heal wounds
 l - a potion of haste
 m - 6 potions of curing
 w - a potion of magic
 B - a potion of flight
 C - a potion of might
 F - a potion of agility
Comestibles
 f - 17 rations


   Skills:
 + Level 8.5 Fighting
 + Level 9.5 Short Blades
 - Level 1.0 Throwing
 + Level 11.2 Dodging
 + Level 10.9 Stealth
 - Level 4.1 Shields
 - Level 5.1 Spellcasting
 - Level 4.0 Hexes
 - Level 6.7 Charms
 - Level 9.0 Translocations
 - Level 2.0 Ice Magic
 + Level 6.4 Invocations
 - Level 4.1 Evocations


You had 5 spell levels left.
You knew the following spells:

 Your Spells              Type           Power        Failure   Level  Hunger
a - Gell's Gravitas       Tloc           #####.....   1%          3    ##.....
b - Blink                 Tloc           N/A          1%          2    None
c - Infusion              Chrm           ####         1%          1    None
d - Spectral Weapon       Hex/Chrm       ####....     4%          3    ##.....
e - Teleport Other        Tloc           #####...     1%          3    ##.....
f - Shroud of Golubria    Chrm/Tloc      #####.....   1%          2    None
g - Ensorcelled Hibernat  Hex/Ice        ###...       5%          2    None

Your spell library contained the following spells:

 Spells                   Type           Power        Failure   Level  Hunger
 Apportation              Tloc           #####.       1%          1    None
 Song of Slaying          Chrm           #####...     1%          2    None
 Lesser Beckoning         Tloc           #####.....   1%          3    ##.....
 Confusing Touch          Hex            ###...       2%          1    None
 Corona                   Hex            ###....      2%          1    None
 Passage of Golubria      Tloc           N/A          3%          4    ####...
 Confuse                  Hex            ###.....     7%          3    ##.....
 Tukima's Dance           Hex            ###.....     7%          3    ##.....
 Regeneration             Chrm/Necr      ###.......   10%         3    ##.....
 Animate Skeleton         Necr           N/A          12%         1    None
 Flame Tongue             Conj/Fire      #....        12%         1    None
 Summon Small Mammal      Summ           #...         12%         1    None
 Dazzling Spray           Conj/Hex       ##....       16%         3    ##.....
 Inner Flame              Hex/Fire       ##......     16%         3    ##.....
 Throw Flame              Conj/Fire      #.....       19%         2    None
 Conjure Flame            Conj/Fire      #.......     36%         3    ##.....
 Sticky Flame             Conj/Fire      #.......     77%         4    ####...
 Fireball                 Conj/Fire      #.........   98%         5    #####..


Dungeon Overview and Level Annotations

Branches:
Dungeon (14/15)            Temple (1/1) D:4            Lair (0/6) D:9
    Orc (2/2) D:11         Vaults (0/5) D:14
    Elf: Orc:2

Altars:
Ashenzari
Cheibriados
Dithmenos
Fedhas
Makhleb
Ru
Trog
The Shining One

Shops:
D:4 *   D:9 [

Annotations:
D:11 2 transporters
Orc:2 Saint Roka


Innate Abilities, Weirdness & Mutations

You are very small and have problems with some larger weapons.
You are too small for most types of armour.
You have supernaturally acute eyesight. (SInv)
You are a herbivore.
You cover ground extremely quickly.
You need to consume almost no food.


Message History

The orc warrior throws a tomahawk.
The tomahawk completely misses you.
You block the troll's attack. x2; The troll closely misses you.
You hit the troll. You drain the troll.
The troll is heavily wounded.
The orc warrior throws a tomahawk.
The tomahawk closely misses you. The troll barely misses you.
You block the troll's attack. x2
You hit the troll. You drain the troll.
The troll is severely wounded.
You hit the troll. You drain the troll.
The troll is severely wounded.
The troll bites you but does no damage. The troll completely misses you. x2
The ogre hits you with a +0 giant spiked club!!
* * * LOW HITPOINT WARNING * * *
You puncture the troll!
The troll is almost dead.
The troll closely misses you. The troll claws you.
* * * LOW HITPOINT WARNING * * *
The troll claws you.
You die...
Fedhas appreciates your contribution to the ecosystem.

###.o. ..o..
...# ####...#
#..T.o.#
##.#..## .
##.#o#..#...$
#.TO.........
##@#.#.#....#
####### ###


You could see a troll, an orc warrior, an ogre, an orc wizard and an orc.

Vanquished Creatures
  A hydra (D:14)
  2 centaur warriors (D:13)
  6 two-headed ogres
  Urug (D:13)
  2 ugly things (D:13)
  2 cyclopes
  The ghost of kalagan the Magician, a novice DESu of Sif Muna (D:6)
  A gargoyle (D:13)
  Grinder (D:4)
  3 hippogriffs
  2 spriggans
  A wyvern (D:14)
  A vampire (D:13)
  2 wraiths
  15 yaks
  2 vampire mosquitoes (D:13)
  Menkaure (D:4)
  2 hungry ghosts
  An acid dragon (D:13)
  3 wargs (Orc:1)
  Duvessa (D:7)
  10 orc warriors
  5 black bears
  2 sky beasts
  2 ice beasts
  A phantom (D:4)
  A necrophage (D:12)
  An eye of draining (D:11)
  13 centaurs
  5 ogres
  A big kobold (D:5)
  3 crocodiles
  7 bullfrogs
  6 scorpions
  3 killer bees (D:12)
  8 wights
  2 howler monkeys (D:13)
  6 crimson imps
  4 hounds
  3 jellies
  A quasit (D:11)
  7 orc wizards
  Crazy Yiuf (D:5)
  5 bullfrog skeletons
  4 centaur skeletons
  12 orc priests
  6 iguanas
  Natasha (thrice) (D:2)
  3 worker ants
  A bullfrog simulacrum (D:6)
  A gnoll (D:4)
  A howler monkey skeleton (D:5)
  13 adders
  4 shadow imps
  2 oozes
  3 adder skeletons
  3 worms
  2 dart slugs
  An adder simulacrum (D:6)
  7 leopard geckos
  68 orcs
  7 bats
  5 giant cockroaches
  10 goblins
  8 hobgoblins
  16 jackals
  6 quokkas
  3 ball pythons
  8 frilled lizards
  5 kobolds
  2 quokka skeletons
  3 rats
355 creatures vanquished.

Vanquished Creatures (collateral kills)
  A steam dragon (D:9)
  3 wights (D:6)
  An orc priest (D:9)
5 creatures vanquished.

Vanquished Creatures (others)
  2 wandering mushrooms
  A necrophage (D:7)
  A wight (D:6)
  A worker ant zombie (D:11)
  A plant (D:7)
  A spectral weapon (D:9)
  267 toadstools
274 creatures vanquished.

Grand Total: 634 creatures vanquished

Notes
Turn   | Place    | Note
-------+----------+-------------------------------------------
     0 | D:1      | Destapler the Spriggan Warper began the quest for the Orb.
     0 | D:1      | Reached XP level 1. HP: 10/10 MP: 5/5
   581 | D:1      | Reached skill level 1 in Stealth
   581 | D:1      | Reached XP level 2. HP: 10/15 MP: 6/6
   953 | D:1      | Learned a level 2 spell: Blink
  1422 | D:2      | Noticed Natasha
  1542 | D:2      | Reached skill level 4 in Dodging
  1689 | D:2      | Found a shattered altar of Ashenzari.
  1695 | D:2      | Reached XP level 3. HP: 18/18 MP: 8/8
  1712 | D:2      | Learned a level 3 spell: Gell's Gravitas
  2884 | D:2      | Killed Natasha
  2884 | D:2      | Reached skill level 1 in Evocations
  2884 | D:2      | Reached XP level 4. HP: 18/23 MP: 9/9
  2992 | D:2      | Found a burning altar of Makhleb.
  2992 | D:2      | Found a snail-covered altar of Cheibriados.
  3111 | D:2      | Noticed Natasha
  3137 | D:2      | Killed Natasha
  3176 | D:2      | Noticed Natasha
  3195 | D:2      | Killed Natasha
  3422 | D:2      | Reached XP level 5. HP: 16/26 MP: 11/11
  3652 | D:3      | Reached skill level 5 in Translocations
  3734 | D:3      | Found a sacrificial altar of Ru.
  4350 | D:3      | Found a shadowy altar of Dithmenos.
  4759 | D:3      | Reached skill level 5 in Dodging
  4816 | D:3      | Found a blossoming altar of Fedhas.
  4825 | D:3      | Became a worshipper of Fedhas Madash
  5403 | D:4      | Found Sac Hienamah's Assorted Antiques.
  5413 | D:4      | Reached XP level 6. HP: 22/30 MP: 9/13
  5418 | D:4      | Bought a scroll labeled CAF RUFA EMOD for 19 gold pieces
  5418 | D:4      | Bought a scroll labeled GOOPLE GIEFF for 19 gold pieces
  5418 | D:4      | Bought a scroll labeled EKHLEU ASEMPIVIUS for 19 gold
                  | pieces
  5423 | D:4      | Found a staircase to the Ecumenical Temple.
  6058 | Temple   | Entered the Ecumenical Temple
  6377 | D:4      | Found a glowing golden altar of the Shining One.
  7213 | D:5      | Entered Level 5 of the Dungeon
  7257 | D:5      | Noticed Edmund
  7302 | D:5      | Reached XP level 7. HP: 35/35 MP: 14/14
  7330 | D:5      | Reached * piety under Fedhas
  7411 | D:5      | Noticed Grinder
  7838 | D:5      | Noticed Menkaure
  7904 | D:4      | Killed Menkaure
  7904 | D:4      | Reached skill level 6 in Dodging
  8158 | D:5      | Reached skill level 5 in Stealth
  8231 | D:5      | Paralysed by Grinder for 3 turns
  8249 | D:5      | Paralysed by Grinder for 6 turns
  8832 | D:5      | Found a runed translucent door.
  8833 | D:5      | Noticed Crazy Yiuf
  8840 | D:5      | Killed Crazy Yiuf
  8991 | D:5      | Noticed Edmund
  8991 | D:5      | Edmund changed into Edmund the big kobold
  9019 | D:5      | Killed Edmund the big kobold
  9243 | D:6      | Found a shattered altar of Ashenzari.
  9389 | D:6      | Reached skill level 5 in Spellcasting
  9389 | D:6      | Reached skill level 1 in Invocations
  9439 | D:6      | Reached XP level 8. HP: 33/39 MP: 16/16
  9504 | D:6      | Found a bloodstained altar of Trog.
 10280 | D:6      | Found a runed translucent gate.
 10281 | D:6      | Found a runed translucent gate.
 10281 | D:6      | Found a runed translucent gate.
 10283 | D:6      | Noticed kalagan's ghost (novice DESu)
 10325 | D:6      | Reached skill level 5 in Short Blades
 10360 | D:6      | Reached skill level 7 in Dodging
 10618 | D:7      | Noticed a troll
 10661 | D:6      | a troll changed into a spriggan
 10872 | D:7      | Learned a level 1 spell: Infusion
 10978 | D:7      | Reached skill level 1 in Charms
 11162 | D:7      | Noticed Duvessa
 11168 | D:7      | Noticed Dowan
 11263 | D:4      | Paralysed by Grinder for 2 turns
 11283 | D:4      | Killed Grinder
 11283 | D:4      | Reached skill level 1 in Shields
 11283 | D:4      | Reached XP level 9. HP: 38/44 MP: 17/17
 11383 | D:7      | Killed Duvessa
 11383 | D:7      | Reached skill level 8 in Dodging
 11407 | D:7      | Noticed Dowan
 11407 | D:7      | Dowan changed into Dowan the adder
 11415 | D:7      | Killed Dowan the adder
 11621 | D:7      | Reached ** piety under Fedhas
 12017 | D:8      | Found a bloodstained altar of Trog.
 13186 | D:9      | Learned a level 3 spell: Spectral Weapon
 13190 | D:9      | Learned a level 3 spell: Teleport Other
 13205 | D:9      | Noticed a death yak
 13211 | D:9      | Noticed a death yak
 13215 | D:9      | Noticed a death yak
 13283 | D:9      | Found Didweam's Armour Emporium.
 13344 | D:9      | Found a staircase to the Lair.
 13626 | D:9      | Reached skill level 1 in Hexes
 13850 | D:10     | Entered Level 10 of the Dungeon
 14101 | D:10     | Reached XP level 10. HP: 51/51 MP: 5/18
 14331 | D:10     | Reached skill level 9 in Dodging
 14352 | D:10     | Learned a level 2 spell: Shroud of Golubria
 14387 | D:10     | Noticed a two-headed ogre
 14409 | D:10     | Killed a two-headed ogre
 14491 | D:10     | Reached *** piety under Fedhas
 15354 | D:9      | Reached skill level 5 in Charms
 15381 | D:10     | Reached skill level 5 in Fighting
 15461 | D:10     | Noticed a two-headed ogre
 15769 | D:10     | Killed a two-headed ogre
 16276 | D:11     | Noticed a two-headed ogre
 16611 | D:9      | Killed a two-headed ogre
 17092 | D:11     | Found a transporter.
 17094 | D:11     | Noticed a black mamba
 17139 | D:11     | Found a staircase to the Orcish Mines.
 17177 | D:11     | Noticed a black mamba
 17218 | D:11     | Noticed a cyclops
 17348 | D:11     | Found a transporter.
 17559 | D:11     | Reached XP level 11. HP: 49/56 MP: 8/19
 17935 | D:11     | Noticed a two-headed ogre
 17939 | D:11     | Learned a level 2 spell: Ensorcelled Hibernation
 17954 | D:11     | Killed a two-headed ogre
 18480 | D:12     | Found a gate leading to a gauntlet.
 18851 | D:12     | Reached skill level 1 in Ice Magic
 19132 | D:6      | Killed kalagan's ghost
 19549 | D:12     | Identified 2 scrolls of acquirement
 19667 | D:12     | Noticed a two-headed ogre
 19675 | D:12     | Killed a two-headed ogre
 19811 | D:12     | Got a faintly glowing rapier
 19812 | D:12     | Identified the +1 rapier of the Tundras {drain, Int+7 SInv}
                  | (You acquired it on level 12 of the Dungeon)
 20209 | D:13     | Noticed Urug
 20377 | D:13     | Noticed a brown ugly thing
 20418 | D:13     | Killed a brown ugly thing
 20610 | D:13     | Noticed a centaur warrior
 20621 | D:13     | Killed a centaur warrior
 20621 | D:13     | Reached skill level 5 in Invocations
 20648 | D:13     | Reached **** piety under Fedhas
 20786 | D:13     | Noticed a green ugly thing
 20997 | D:13     | Killed a green ugly thing
 20997 | D:13     | Reached skill level 10 in Dodging
 21755 | D:13     | Killed Urug
 21755 | D:13     | Reached XP level 12. HP: 64/64 MP: 17/20
 22068 | D:14     | Noticed a five-headed hydra
 22111 | D:14     | Killed a five-headed hydra
 22111 | D:14     | Reached skill level 10 in Stealth
 22205 | D:14     | Noticed a centaur warrior
 22870 | D:13     | Killed a centaur warrior
 22924 | D:14     | Found a gate to the Vaults.
 23220 | Orc:1    | Entered Level 1 of the Orcish Mines
 23286 | Orc:1    | Noticed a two-headed ogre
 23317 | D:11     | Killed a two-headed ogre
 23352 | Orc:1    | Reached skill level 11 in Dodging
 23553 | D:11     | Reached ***** piety under Fedhas
 24155 | Orc:2    | Entered Level 2 of the Orcish Mines
 24155 | Orc:2    | Noticed Saint Roka
 24505 | Orc:1    | HP: 1/65 [troll (3)]
 24505 | Orc:1    | Slain by a troll

Skill      XL: |  1  2  3  4  5  6  7  8  9 10 11 12 |
---------------+-------------------------------------+-----
Stealth        | 1 2 3 4 5 7 9 10 | 10.9
Spellcasting   | 3 4 5 |  5.1
Dodging        | 4 5 6 7 8 9 10 11 | 11.2
Fighting       | 2 3 4 6 7 8 |  8.5
Evocations     | 1 2 3 4 |  4.1
Short Blades   | 3 4 5 6 7 8 9 |  9.5
Translocations | 5 6 8 9 |  9.0
Invocations    | 1 3 4 5 6 |  6.4
Charms         | 2 4 6 |  6.7
Shields        | 1 3 4 |  4.1
Hexes          | 2 3 4 |  4.0
Ice Magic      | 2 |  2.0
Throwing       | |  1.0

Action                   |  1- 3 |  4- 6 |  7- 9 | 10-12 || total
-------------------------+-------+-------+-------+-------++-------
Melee: Short sword       |   128 |   189 |       |       ||   317
       Unarmed           |       |     2 |       |       ||     2
       Dagger            |       |   160 |   891 |   754 ||  1805
       Rapier            |       |       |       |   731 ||   731
Throw: Throwing net      |     1 |       |       |     2 ||     3
       Stone             |    23 |    39 |   151 |   147 ||   360
       Tomahawk          |     5 |       |    28 |       ||    33
 Cast: Blink             |     2 |     2 |     9 |     5 ||    18
       Gell's Gravitas   |       |     1 |     6 |       ||     7
       Infusion          |       |       |     8 |    30 ||    38
       Teleport Other    |       |       |     2 |       ||     2
       Spectral Weapon   |       |       |     1 |       ||     1
       Shroud of Golubri |       |       |       |    32 ||    32
       Ensorcelled Hiber |       |       |       |    28 ||    28
Invok: Fungal Bloom      |       |    10 |    34 |    50 ||    94
       Sunlight          |       |       |     7 |       ||     7
       Evolution         |       |       |     1 |     1 ||     2
Evoke: Wand              |       |       |    14 |     2 ||    16
  Use: Potion            |       |     4 |     9 |     2 ||    15
       Scroll            |       |       |     5 |    15 ||    20
 Stab: Held in net/web   |     1 |       |       |     1 ||     2
       Sleeping          |     4 |     9 |     9 |    17 ||    39
       Distracted        |       |       |     1 |     4 ||     5
  Eat: Ration            |       |     2 |     5 |     8 ||    15
Armor: Robe              |     3 |    19 |    46 |    76 ||   144
       Skin              |       |       |     5 |       ||     5
Dodge: Dodged            |    92 |   251 |   549 |  1126 ||  2018
Block: Buckler           |       |       |   101 |   497 ||   598
